 Dungeon Crawl Stone Soup version 0.27.1-33-g824d729ab1 (webtiles) character file.

Game seed: 6578369128950908525

9 spaced the Skirmisher (level 2, -1/19 HPs)
             Began as a Gargoyle Monk on Nov 26, 2021.
             Slain by a goblin (3 damage)
             ... on level 1 of the Dungeon.
             The game lasted 00:00:33 (340 turns).

spaced the Skirmisher (Gargoyle Monk)                Turns: 340, Time: 00:00:34

Health: -1/19      AC:  4    Str: 14    XL:     2   Next: 12%
Magic:  2/2        EV: 12    Int: 10    God:
Gold:   23         SH:  0    Dex: 12    Spells: 1/1 levels left

rFire    . . .     SeeInvis .   a - +0 mace
rCold    . . .     Faith    .   (no shield)
rNeg     + . .     Spirit   .   b - +0 robe
rPois    ∞         Reflect  .   (no helmet)
rElec    +         Harm     .   (no cloak)
rCorr    .         Rampage  .   (no gloves)
Will     .....                  (no boots)
Stlth    ++........             (no amulet)
HPRegen  0.06/turn              (no ring)
MPRegen  0.08/turn              (no ring)

@: no status effects
A: sickness immunity, AC +2, negative energy resistance 1, electricity
resistance, torment resistance 1, petrification resistance
a: no special abilities


You were on level 1 of the Dungeon.
You visited 1 branch of the dungeon, and saw 1 of its levels.

You collected 23 gold pieces.

Inventory:

Hand Weapons
 a - a +0 mace (weapon)
Armour
 b - a +0 robe (worn)


   Skills:
 + Level 3.4 Fighting
 + Level 3.2 Maces & Flails
 + Level 2.6 Dodging
 + Level 2.2 Stealth


You had one spell level left.
You didn't know any spells.
Your spell library was empty.

Dungeon Overview and Level Annotations

Branches:
Dungeon (1/15)

Altars:


Innate Abilities, Weirdness & Mutations

You are immune to sickness and miasma.
Your stone body is resilient. (AC +2)
You are immune to poison.
You resist negative energy. (rN+)
You are resistant to electric shocks. (rElec)
You are resistant to unholy torment.
You are immune to petrification.


Message History

You kill the goblin!
The jackal barely misses you. The hobgoblin closely misses you.
The jackal closely misses you.
You barely miss the hobgoblin. The jackal misses you.
The hobgoblin barely misses you.
You hit the ball python.
You kill the ball python!
The jackal closely misses you. The hobgoblin hits you.
The jackal closely misses you.
You are too injured to fight recklessly!
You are too injured to fight recklessly!
You are too injured to fight recklessly!
You are too injured to fight recklessly!
You are too injured to fight recklessly!
You hit the jackal.
The jackal is almost dead.
The jackal closely misses you. The hobgoblin closely misses you.
The jackal closely misses you. The hobgoblin barely misses you.
You hit the jackal.
You kill the jackal!
The hobgoblin hits you.
* * * LOW HITPOINT WARNING * * *
You have reached level 2!
You hit the hobgoblin.
You kill the hobgoblin!
Found 13 gold pieces.
You start resting.
A goblin comes into view. It is wielding a +0 dagger.
You start resting.
A goblin is nearby!
You closely miss the goblin. The goblin barely misses you.
You barely miss the goblin. The goblin hits you but does no damage.
You miss the goblin. The goblin closely misses you.
You barely miss the goblin. The goblin barely misses you.
The goblin hits you with a +0 dagger.
* * * LOW HITPOINT WARNING * * *
You barely miss the goblin. The goblin hits you with a +0 dagger.
* * * LOW HITPOINT WARNING * * *
You barely miss the goblin. The goblin hits you with a +0 dagger.
You die...

#.#.# #.#.
.............
##.#.#.#.#.#.#
#..$.>....^..
##.#.#.#g#.# #
#............
#.#.#.#.#.#.#
#†).g#.......
#..†.@.......
#....#.####..
#....#.#
#....#.#
#....#.#
#......# ###
####.### #.#
#.###### #.#
#.##...# #.#


You could see a goblin.

Vanquished Creatures
  A bat (D:1)
  A giant cockroach (D:1)
  A goblin (D:1)
  A hobgoblin (D:1)
  A jackal (D:1)
  2 ball pythons (D:1)
7 creatures vanquished.

Notes
Turn   | Place    | Note
-------+----------+-------------------------------------------
     0 | D:1      | spaced the Gargoyle Monk began the quest for the Orb.
     0 | D:1      | Reached XP level 1. HP: 14/14 MP: 1/1
   322 | D:1      | Reached XP level 2. HP: 5/19 MP: 2/2
   340 | D:1      | Slain by a goblin

Illustrated notes

Levels and vault maps discovered:
D:1:      saegor_arrival_simple_a, layout_basic, shapermc_ecumenical_altar_venn,
          st_stairs_11

Action                   || total
-------------------------++-------
Melee: Mace              ||    26
Armor: Robe              ||    10
Dodge: Dodged            ||    25
